 Dungeon Crawl Stone Soup version 0.25-a0-404-gc1b5a34292 (webtiles) character file.

Game seed: 6674204869436627731, levelgen mode: deterministic

6511 Araneus the Spear-Bearer (level 10, -3/63 HPs)
             Began as a Demonspawn Fighter on Jan 10, 2020.
             Was a Believer of Hepliaklqana.
             Succumbed to Sonja's poison
             ... on level 9 of the Dungeon.
             The game lasted 00:39:47 (8642 turns).

Araneus the Spear-Bearer (Demonspawn Fighter)       Turns: 8642, Time: 00:39:48

Health: -3/63      AC: 27    Str: 19    XL:     10   Next: 69%
Magic:  19/19      EV: 23    Int:  9    God:    Hepliaklqana [**....]
Gold:   511        SH: 12    Dex: 18    Spells: 9/9 levels left

rFire    + . .     SeeInvis .   a - +0 trident
rCold    + . .     Gourm    .   c - +0 shield
rNeg     . . .     Faith    .   n - +0 plate armour
rPois    .         Spirit   .   (helmet restricted)
rElec    .         Reflect  .   v - scarf {rC+ rF+}
rCorr    .         Harm     .   p - +1 pair of gloves
MR       .....                  (no boots)
Stlth    ..........             r - amulet of the acrobat
HPRegen  0.20/turn              d - ring of magical power
MPRegen  0.16/turn              b - +3 ring of evasion

@: lethally poisoned (-3 -> -94), sanguine armour, acrobat
A: reduced essence, horns 1, agile 2, powered by death 1, sanguine armour 3
a: Recall Ancestor, Ancestor Identity, Renounce Religion


You were on level 9 of the Dungeon.
You worshipped Hepliaklqana.
Hepliaklqana was pleased with you.
You were not hungry.

You visited 2 branches of the dungeon, and saw 11 of its levels.

You collected 511 gold pieces.

Inventory:

Hand Weapons
 a - a +0 trident (weapon)
 j - a +2 scimitar of flaming
Armour
 c - a +0 shield (worn)
 i - a +0 cloak
 n - a +0 plate armour (worn)
 p - a +1 pair of gloves (worn)
 v - a scarf of resistance (worn)
Jewellery
 b - a +3 ring of evasion (right hand)
 d - a ring of magical power (left hand)
 r - an amulet of the acrobat (around neck)
Wands
 x - a wand of acid (6)
 y - a wand of paralysis (8)
 z - a wand of scattershot (7)
Scrolls
 e - 5 scrolls of identify
 g - a scroll of remove curse
 h - 2 scrolls of fog
 l - a scroll of enchant armour
 m - a scroll of enchant weapon
 o - a scroll of blinking
 q - a scroll of fear {unknown}
 s - 2 scrolls of teleportation {unknown}
 t - 2 scrolls of amnesia {unknown}
 u - a scroll of vulnerability {unknown}
Potions
 k - a potion of brilliance
 w - 6 potions of flight
Comestibles
 f - 22 rations
 A - 4 chunks of flesh


   Skills:
 + Level 4.0 Fighting
 - Level 10.2 Polearms
 * Level 7.6 Armour
 * Level 8.6 Shields


You had 9 spell levels left.
You didn't know any spells.
Your spell library contained the following spells:

 Spells                   Type           Power        Failure   Level  Hunger
 Shock                    Conj/Air       #...         100%        1    ##.....
 Swiftness                Chrm/Air       #.......     100%        2    ###....
 Static Discharge         Conj/Air       #.......     100%        3    ####...
 Airstrike                Air            #.........   100%        4    #####..
 Lightning Bolt           Conj/Air       #.........   100%        5    ######.


Dungeon Overview and Level Annotations

Branches:
Dungeon (10/15)            Temple (1/1) D:6
   Lair: D:8-11         Orc: D:9-12

Altars:
Ashenzari
Cheibriados
Dithmenos
Elyvilon
Fedhas
Gozag
Hepliaklqana
Kikubaaqudgha
Makhleb
Nemelex Xobeh
Okawaru
Qazlal
Ru
Sif Muna
Trog
Uskayaw
Vehumet
Wu Jian
Xom
Yredelemnul
Zin
The Shining One

Shops:
D:9 [

Annotations:
D:10 1 runed translucent door, Josephine, Snorg


Innate Abilities, Weirdness & Mutations

You have a pair of small horns on your head.
You regenerate a little health from kills.
When seriously injured, your bleeding wounds create very thick armour. (AC +12)
Your life essence is reduced to manifest your ancestor. (-10% HP)
You are very agile. (Dex +4)


Message History

You are more poisoned.
Sonja hits you but does no damage.
You are more poisoned.
You puncture Sonja!
Sonja is severely wounded.
* * * LOW HITPOINT WARNING * * *
You feel extremely sick.
You block Sonja's attack. x2; Sonja hits you but does no damage.
You are more poisoned.
Selena hits Sonja with a +0 dagger of draining!
Selena drains Sonja.
Sonja dies!
Your Fighting skill increases to level 4!
* * * LOW HITPOINT WARNING * * *
You feel extremely sick.
Things that are here:
a +2 dagger of venom; 6 curare-tipped darts; the kobold corpse of Sonja
* * * LOW HITPOINT WARNING * * *
You feel extremely sick.
You die...

'.........'...)..................
#......}..####.....#########...##
##.......## ##.....# #.(##
##.....## #......# #.## ##...##
##.....# ####.#### ##+## ##...##
#........ #.# #.### #.#..###. #.#
#R# #.#.## #. ##.##########@#
#.#.# #. ####...........)>#
#.#.####. #.......##########
#........ #.##....# ###.#####
#.###.#.# #...... #.###.#.#
####### ......#.# # #.#####.# #
#.......# #


You could see the friendly Selena the hexer.

Vanquished Creatures
  A two-headed ogre (D:9)
  Grinder (D:3)
  2 hippogriffs
  A vampire (D:9)
  A hungry ghost (D:9)
  2 ice beasts
  A sky beast (D:7)
  A black bear (D:9)
  An ogre (D:6)
  2 phantoms
  3 centaurs
  2 crocodiles (D:8)
  A bullfrog (D:6)
  3 scorpions (D:7)
  3 killer bees
  2 howler monkeys
  4 crimson imps
  A bullfrog zombie (D:9)
  2 quasits
  A jelly (D:5)
  3 hounds
  4 orc wizards
  An orc priest (D:3)
  A bullfrog skeleton (D:9)
  Jessica (D:3)
  An iguana (D:7)
  3 worker ants
  2 hound zombies
  2 hound skeletons (D:7)
  A howler monkey skeleton (D:6)
  12 adders
  6 gnolls
  A shadow imp (D:5)
  An adder zombie (D:8)
  An adder skeleton (D:5)
  A worm (D:2)
  An adder simulacrum (D:8)
  3 dart slugs
  3 leopard geckos
  38 orcs
  A ball python (D:1)
  4 giant cockroaches
  9 goblins
  8 hobgoblins
  21 jackals
  6 kobolds
  4 quokkas
  8 bats
  5 frilled lizards
  A leopard gecko skeleton (D:5)
  A leopard gecko zombie (D:5)
  A quokka skeleton (D:7)
  A quokka zombie (D:8)
  11 rats
202 creatures vanquished.

Vanquished Creatures (collateral kills)
  Erica (D:8)
  Sonja (D:9)
  The ghost of ANON1729 the Sneak, a novice OpEE (D:8)
  A water moccasin (D:9)
  2 ice beasts (D:7)
  A necrophage (D:7)
  2 ogres
  A bullfrog (D:7)
  A scorpion (D:7)
  A wyvern simulacrum (D:8)
  A hound (D:6)
  An orc priest (D:9)
  Crazy Yiuf (D:6)
  An orc wizard (D:9)
  4 adders
  A gnoll (D:6)
  A howler monkey simulacrum (D:8)
  8 orcs
  A jackal (D:8)
31 creatures vanquished.

Vanquished Creatures (others)
  A hexer (D:8)
  2 ancestors
  A bat (D:2)
  10 fungi (D:7)
14 creatures vanquished.

Grand Total: 247 creatures vanquished

Notes
Turn   | Place    | Note
-------+----------+-------------------------------------------
     0 | D:1      | Araneus the Demonspawn Fighter began the quest for the Orb.
     0 | D:1      | Reached XP level 1. HP: 18/18 MP: 1/1
    73 | D:1      | Reached skill level 2 in Polearms
   298 | D:1      | Gained mutation: When seriously injured, your bleeding
                  | wounds create armour. (AC +12) [demonic ancestry]
   298 | D:1      | Reached XP level 2. HP: 24/24 MP: 2/2
   529 | D:1      | Reached skill level 3 in Polearms
   698 | D:1      | Reached XP level 3. HP: 29/29 MP: 3/3
   770 | D:1      | Found a glowing golden altar of the Shining One.
  1165 | D:2      | Reached XP level 4. HP: 35/35 MP: 4/4
  1277 | D:2      | Reached skill level 4 in Polearms
  1769 | D:3      | Gained mutation: When seriously injured, your bleeding
                  | wounds create thick armour. (AC +12) [demonic ancestry]
  1769 | D:3      | Reached XP level 5. HP: 36/41 MP: 5/5
  1846 | D:3      | Noticed Grinder
  1868 | D:3      | Killed Grinder
  1868 | D:3      | Reached skill level 5 in Polearms
  1868 | D:3      | Reached XP level 6. HP: 15/47 MP: 6/6
  2172 | D:3      | Noticed an orc warrior
  2193 | D:3      | Gained mutation: You are agile. (Dex +2) [potion of
                  | mutation]
  2193 | D:3      | Gained mutation: You are very agile. (Dex +4) [potion of
                  | mutation]
  2501 | D:3      | Reached skill level 6 in Polearms
  2620 | D:3      | Noticed Jessica
  2638 | D:3      | Killed Jessica
  3619 | D:5      | Entered Level 5 of the Dungeon
  3680 | D:5      | Got a bloodstained ring mail
  3736 | D:5      | Found an iron altar of Okawaru.
  3737 | D:5      | Found a bloodstained altar of Trog.
  3820 | D:5      | Found a bloodstained altar of Trog.
  3831 | D:5      | Noticed an ice beast
  3860 | D:5      | Killed an ice beast
  3860 | D:5      | Gained mutation: You have a pair of small horns on your
                  | head. [demonic ancestry]
  3860 | D:5      | Reached XP level 7. HP: 29/52 MP: 7/7
  4190 | D:5      | Reached skill level 7 in Polearms
  4893 | D:6      | Found a staircase to the Ecumenical Temple.
  4916 | Temple   | Entered the Ecumenical Temple
  4952 | Temple   | Became a worshipper of Hepliaklqana the Forgotten
  5292 | D:6      | Reached XP level 8. HP: 52/52 MP: 8/8
  5350 | D:6      | You fall into a shaft and drop 2 floors!
  5350 | D:8      | Found a bloodstained altar of Trog.
  5413 | D:8      | Found a runed translucent gate.
  5413 | D:8      | Found a runed translucent gate.
  5414 | D:8      | Found a runed translucent gate.
  5539 | D:7      | Got a pair of shimmering gloves
  5597 | D:7      | Reached skill level 8 in Polearms
  5652 | D:7      | Reached skill level 5 in Armour
  6026 | D:6      | Identified the -1 pair of gloves "Mudaq" {rC+ MR+ Str+2
                  | Dex-3} (You found it on level 7 of the Dungeon)
  6046 | D:6      | Identified the cursed +0 ring mail of Dishonesty {Int+3}
                  | (You found it on level 5 of the Dungeon)
  6088 | D:6      | Found a runed translucent door.
  6089 | D:6      | Noticed Crazy Yiuf
  6103 | D:6      | Killed Crazy Yiuf
  6255 | D:6      | Reached * piety under Hepliaklqana
  6331 | D:6      | Reached skill level 5 in Shields
  6479 | D:7      | Found a hide-covered altar of Uskayaw.
  6547 | D:7      | Gained mutation: When seriously injured, your bleeding
                  | wounds create very thick armour. (AC +12) [demonic
                  | ancestry]
  6547 | D:7      | Reached XP level 9. HP: 48/56 MP: 9/9
  6814 | D:7      | Reached skill level 9 in Polearms
  7135 | D:8      | Reached ** piety under Hepliaklqana
  7136 | D:8      | Remembered your ancestor Selena as a hexer
  7247 | D:8      | Noticed ANON1729's ghost (novice OpEE)
  7305 | D:8      | Killed ANON1729's ghost
  7383 | D:8      | Noticed Erica
  7397 | D:8      | Killed Erica
  7397 | D:8      | Reached skill level 10 in Polearms
  7397 | D:8      | Gained mutation: You regenerate a little health from kills.
                  | [demonic ancestry]
  7397 | D:8      | Reached XP level 10. HP: 42/63 MP: 10/10
  7812 | D:9      | Noticed a two-headed ogre
  7830 | D:9      | Killed a two-headed ogre
  8032 | D:9      | Found Sudasuro's Antique Armour Boutique.
  8563 | D:9      | Found an ancient bone altar of Kikubaaqudgha.
  8624 | D:10     | Entered Level 10 of the Dungeon
  8624 | D:10     | Found a runed translucent door.
  8624 | D:10     | Noticed Snorg
  8624 | D:10     | Noticed Sonja
  8627 | D:10     | Noticed Josephine
  8639 | D:9      | Killed Sonja
  8642 | D:9      | Succumbed to Sonja's poison

Levels and vault maps discovered:
D:1:      nagdon_arrival_double_spiral, layout_basic, tso_metal_star
D:2:      minmay_spotlight, layout_basic, serial_bayou_pond_a,
          lemuel_another_geyser
D:3:      layout_loops_ring, uniq_grinder, uniq_jessica
D:4:      layout_loops_corners
D:5:      layout_basic, grunt_temple_overflow_bloody_war, first_ration,
          trog_book
D:6:      layout_basic, minmay_temple_entry_overgrown, serial_park_tiny_pond,
          hex_medium, uniq_crazy_yiuf_cottage
D:7:      old_forge, layout_rooms, lemuel_doored_altar,
          kennysheep_big_empty_room, grunt_ogre_cave, minmay_misc_feat_tower
D:8:      layout_loops_ring, gammafunk_ghost_necromancy, basic_altar,
          st_stairs_12, uniq_erica
D:9:      layout_loops_corners, kennysheep_mini, serial_shops, shop
D:10:     layout_basic, muffindrake_ghost_dual_entry, uniq_josephine,
          uniq_snorg, uniq_harold, uniq_sonja
Temple:   dpeg_five_rooms_temple

Skill      XL: |  1  2  3  4  5  6  7  8  9 10 |
---------------+-------------------------------+-----
Polearms       | 2 3 4 5 6 7 8 10 | 10.2
Armour         | 3 4 5 6 7 |  7.6
Shields        | 3 5 7 8 |  8.6
Fighting       | 4 |  4.0

Action                   |  1- 3 |  4- 6 |  7- 9 | 10-12 || total
-------------------------+-------+-------+-------+-------++-------
Melee: Trident           |   184 |   303 |   527 |   131 ||  1145
       Headbutt          |       |       |    97 |    28 ||   125
Invok: Ancestor Identity |       |       |     1 |       ||     1
       Ancestor Life: He |       |       |     1 |       ||     1
  Use: Potion            |       |     6 |     6 |       ||    12
       Scroll            |       |     4 |     8 |       ||    12
 Stab: Distracted        |       |       |     6 |       ||     6
       Confused          |       |       |       |     3 ||     3
  Eat: Chunk             |     1 |     9 |    12 |     5 ||    27
Armor: Scale mail        |    50 |       |       |       ||    50
       Plate armour      |    61 |   156 |   195 |    38 ||   450
       Skin              |       |       |    22 |       ||    22
Dodge: Dodged            |    29 |    25 |   125 |    20 ||   199
Block: Shield            |    80 |   106 |   214 |    57 ||   457

Table legend:
 A = Non-vault XP
 B = Vault XP
 C = Vault XP percentage of total XP
 D = Non-vault monster count
 E = Vault monster count
 F = Vault count percentage of total count
                 A         B        C        D         E       F
            +---------+---------+-------+---------+---------+-------
      Total |    5973 |    3329 |  35.8 |     206 |      27 |  11.6
            +---------+---------+-------+---------+---------+-------
        D:1 |      78 |       0 |   0.0 |      37 |       0 |   0.0
        D:2 |      70 |      14 |  16.7 |      23 |       2 |   8.0
        D:3 |     173 |     323 |  65.1 |      29 |       2 |   6.5
        D:4 |      20 |       0 |   0.0 |       8 |       0 |   0.0
        D:5 |     656 |       3 |   0.5 |      21 |       1 |   4.5
        D:6 |     516 |      40 |   7.2 |      15 |       1 |   6.2
        D:7 |    1354 |     474 |  25.9 |      26 |      13 |  33.3
        D:8 |     708 |    1680 |  70.4 |      19 |       7 |  26.9
        D:9 |    2395 |     795 |  24.9 |      27 |       1 |   3.6
       D:10 |       3 |       0 |   0.0 |       1 |       0 |   0.0
            +---------+---------+-------+---------+---------+-------
